Map: Eternal Empire LE

Players

ViBE - Winner!

  • Race: Zerg Zerg
  • League: Gold
  • Spawn Location: 7:00

Heisenberg

  • Race: Zerg Zerg
  • League: Platinum
  • Spawn Location: 1:00

VOD

Have the link to the VOD?

Description

Time

  • Played on: Dec. 8, 2019, 9:21 p.m.
  • Length: 14:53
Show
View Real Time Build Order
Export as new Build Order

ViBE Zerg - Winner!

Build Orders: Hatch First, Roach Hydra 

Get SALT Encoding   

  12  0:01  Drone  
  13  0:13  Overlord  
  13  0:17  Drone  
  14  0:31  Drone  
  14  0:32  Drone  
  16  0:50  Hatchery  
  16  0:52  Drone  
  16  0:56  Drone  
  17  1:00  Drone  
  18  1:14  Spawning Pool  
  18  1:18  Drone  
  18  1:21  Drone  
  19  1:29  Drone  
  20  1:41  Extractor  
  20  1:47  Drone  
  20  1:52  Overlord  
  20  2:02  Queen  
  20  2:03  Queen  
  20  2:04  Drone x2  
  27  2:15  Drone  
  27  2:16  Drone  
  28  2:26  Drone x2  
  30  2:39  Overlord  
  30  2:44  Drone  
  30  2:45  Drone x2  
  30  2:48  Lair  
  30  2:49  Queen  
  35  2:55  Drone  
  36  3:02  Drone  
  36  3:05  Drone  
  38  3:10  Roach Warren, Drone  
  38  3:12  Evolution Chamber  
  38  3:18  Drone x7  
  44  3:26  Overlord  
  44  3:36  Overlord  
  44  3:46  Evolution Chamber  
  44  3:47  Extractor x2  
  44  3:48  Overlord  
  41  3:50  Roach  
  41  3:51  Roach x4  
  51  3:57  Roach x2  
  51  3:59  Roach  
  57  4:08  Overlord  
  57  4:09  Roach  
  59  4:18  Roach  
  59  4:19  Roach  
  63  4:35  Drone x7  
  70  4:45  Evolution Chamber  
  70  4:47  Hatchery  
  70  4:49  Glial Reconstitution  
  70  4:51  Zerg Missile Weapons Level 1  
  68  4:54  Drone  
  68  4:56  Overlord x3  
  68  4:59  Overlord  
  69  5:21  Overseer  
  69  5:26  Roach  
  69  5:27  Roach x9  
  89  5:29  Roach  
  91  5:43  Overlord  
  91  5:48  Hatchery  
  90  5:50  Drone  
  90  5:51  Drone x3  
  94  6:04  Drone x2  
  96  6:11  Drone  
  96  6:12  Drone x3  
  96  6:16  Drone x4  
  104  6:46  Hydralisk Den, Drone x10  
  113  6:49  Evolution Chamber  
  112  6:58  Overlord  
  112  7:00  Overlord  
  113  7:14  Hatchery  
  112  7:16  Queen  
  112  7:19  Drone x10  
  112  7:20  Extractor x3  
  121  7:24  Zerg Ground Armor Level 1, Zerg Missile Weapons Level 2  
  121  7:26  Grooved Spines  
  121  7:29  Infestation Pit  
  120  7:35  Drone x6  
  126  7:44  Drone  
  126  7:45  Drone x7  
  126  7:48  Drone  
  135  7:52  Hatchery  
  135  7:55  Overlord x2  
  134  8:02  Drone  
  135  8:06  Hydralisk  
  135  8:08  Overlord x2  
  135  8:10  Hatchery  
  136  8:19  Hydralisk x7  
  150  8:27  Overlord x2  
  150  8:28  Overlord  
  150  8:37  Hydralisk, Muscular Augments  
  150  8:38  Hydralisk x4  
  150  8:39  Hydralisk  
  150  8:41  Hydralisk  
  162  8:48  Hydralisk x4  
  164  8:51  Hydralisk x2  
  176  9:07  Extractor, Overlord  
  176  9:08  Hydralisk x8  
  191  9:13  Drone  
  192  9:19  Unknown  
  192  9:24  Extractor  
  190  9:43  Hive  
  190  9:54  Hydralisk x4  
  190  9:57  Hydralisk  
  198  10:10  Overlord  
  198  10:11  Overlord  
  198  10:12  Zerg Ground Armor Level 2  
  198  10:25  Spore Crawler  
  198  10:26  Spine Crawler  
  198  10:27  Spine Crawler  
  191  10:28  Spore Crawler  
  191  10:29  Spine Crawler  
  191  10:31  Spore Crawler, Spine Crawler  
  191  10:32  Spine Crawler  
  191  10:33  Spore Crawler, Spine Crawler  
  138  10:36  Spine Crawler x2  
  138  10:37  Spore Crawler  
  138  10:39  Spine Crawler x2  
  138  10:41  Drone x11  
  138  10:42  Drone x7  
  129  10:44  Drone  
  129  10:45  Hydralisk x15  
  144  10:57  Hydralisk, Zerg Missile Weapons Level 3  
  144  10:58  Hydralisk x3  
  144  11:07  Hydralisk  
  144  11:08  Hydralisk x3  
  148  11:11  Hydralisk  
  148  11:12  Hydralisk  
  148  11:16  Hydralisk x2  
  156  11:27  Hydralisk x6  
  156  11:28  Hydralisk  
  156  11:29  Hydralisk  
  172  11:38  Hydralisk x4  
  180  11:54  Hydralisk x7  
  180  11:56  Drone  
  180  11:59  Hatchery  
  194  12:25  Hydralisk x3  
  200  12:47  Hydralisk x3  
  200  12:48  Hydralisk x13  
  200  12:49  Hydralisk  
  200  12:50  Hydralisk  
  180  13:01  Hydralisk x5  
  180  13:02  Hydralisk  
  192  13:14  Hydralisk x2  
  192  13:15  Hydralisk x2  
  198  13:32  Hydralisk x11  
  192  13:35  Hydralisk  
  192  13:36  Hydralisk  
  192  13:39  Hydralisk  
  196  14:07  Drone  
  197  14:24  Hatchery  
Show
View Real Time Build Order
Export as new Build Order

Heisenberg Zerg 

Build Orders: Hatch First 

Get SALT Encoding   

  12  0:08  Overlord  
  12  0:13  Drone  
  13  0:18  Drone  
  14  0:27  Drone  
  15  0:31  Drone  
  16  0:41  Drone  
  17  0:55  Hatchery  
  16  1:10  Spawning Pool  
  15  1:12  Extractor  
  15  1:15  Drone  
  15  1:17  Drone  
  16  1:21  Drone  
  17  1:27  Drone  
  18  1:39  Drone  
  19  1:48  Overlord  
  19  2:02  Queen  
  19  2:06  Overlord  
  21  2:16  Zergling x4  
  21  2:22  Zergling x4  
  25  2:27  Queen  
  27  2:30  Zergling x2  
  28  2:43  Zergling x6  
  31  2:52  Zergling x4  
  33  3:04  Zergling x4  
  35  3:14  Zergling x6  
  35  3:15  Zergling x2  
  35  3:18  Zergling x2  
  40  3:35  Zergling x2  
  40  3:36  Zergling x4  
  40  3:39  Metabolic Boost  
  43  3:46  Zergling x2  
  44  3:48  Overlord x2  
  42  4:17  Drone  
  42  4:18  Drone x5  
  42  4:24  Extractor  
  47  4:37  Baneling Nest  
  47  4:38  Drone  
  47  4:39  Drone  
  48  4:54  Extractor  
  48  4:55  Drone x5  
  48  4:56  Extractor, Drone  
  52  5:03  Drone x2  
  54  5:13  Queen  
  56  5:18  Overlord x2  
  54  5:38  Roach Warren  
  54  5:42  Drone x5  
  58  6:01  Baneling  
  58  6:02  Baneling x5  
  58  6:03  Baneling  
  57  6:34  Hatchery  
  56  6:46  Drone x11  
  56  6:47  Drone x4  
  71  6:54  Queen  
  73  7:10  Roach  
  73  7:12  Overlord x2  
  73  7:13  Overlord x2  
  75  7:22  Evolution Chamber  
  74  7:26  Evolution Chamber, Drone x2  
  75  7:38  Roach  
  75  7:39  Roach x6  
  89  7:57  Roach x2  
  89  7:58  Roach x3  
  98  8:12  Roach x2  
  101  8:13  Roach x4  
  101  8:16  Lair  
  104  8:24  Baneling x4  
  104  8:25  Baneling x4  
  104  8:26  Baneling  
  104  8:28  Ravager x4  
  104  8:29  Ravager x5  
  104  8:32  Overlord x7  
  113  9:02  Zergling x2, Extractor  
  113  9:03  Zergling x16  
  113  9:04  Zergling x2, Extractor  
  121  9:14  Drone  
  122  9:21  Centrifical Hooks  
  122  9:28  Zergling x2  
  122  9:29  Zergling x16  
  131  9:31  Baneling  
  131  9:32  Baneling x8  
  131  9:33  Baneling x13  
  131  9:34  Baneling x3  
  131  9:42  Zergling x2  
  131  9:43  Zergling x8  
  136  9:55  Hatchery  
  134  10:05  Overlord x2  
  134  10:13  Hydralisk Den  
  126  10:16  Baneling  
  126  10:17  Baneling x8  
  126  10:18  Baneling x5  
  97  10:37  Zergling x2  
  97  10:38  Zergling x16  
  55  11:18  Hydralisk x9  
  55  11:24  Zerg Melee Weapons Level 1  
  55  11:25  Hatchery  
  71  11:41  Drone  
  71  11:43  Zergling x4  
  71  11:44  Zergling x10  
  79  12:01  Zergling x10  
  80  12:02  Zergling x4  
  80  12:04  Baneling  
  80  12:05  Baneling x10  
  80  12:06  Baneling x8  
  86  12:11  Zerg Ground Armor Level 1, Zergling x2  
  86  12:12  Zergling x6  
  86  12:15  Hatchery  
  89  12:21  Zergling x2  
  89  12:22  Zergling x2  
  89  12:33  Baneling  
  89  12:34  Baneling x4  
  89  12:35  Baneling x4  
  89  12:41  Roach x3  
  89  12:42  Roach x8  
  90  12:56  Roach  
  90  12:57  Roach x2  
  76  13:05  Zergling x2  
  76  13:06  Zergling x2  
  76  13:09  Ravager x8  
  76  13:11  Ravager  
  86  13:18  Zergling x2  
  86  13:19  Zergling x2  
  72  13:38  Zergling x12  
  73  13:58  Hatchery  
  72  14:08  Baneling  
  72  14:10  Baneling x2  
  72  14:11  Baneling x9  
  72  14:12  Roach  
  72  14:13  Roach x10  
  89  14:25  Zergling x2  
  89  14:26  Zergling x2  
Tags
 
Add a new tag
Caveats
  • Supply blocks, unpowered buildings, or Contaminate may cause inaccurate times.
  • Supply counts are checked every 10 seconds.